 Dungeon Crawl Stone Soup version 0.16-a0-3972-g91ea21f (console) character file.

63 MrRokkomies the Caller (level 3, -3/14 HPs)
             Began as a Felid Summoner on Feb 11, 2015.
             Slain by an orc
             ... wielding a +0 hand axe
              (8 damage)
             ... on level 3 of the Dungeon.
             The game lasted 00:08:29 (2023 turns).

MrRokkomies the Caller (Felid Summoner)             Turns: 2023, Time: 00:08:29

Health: -3/14      AC:  1    Str:  4    XL:     3   Next: 89%
Magic:  1/8        EV: 18    Int: 17    God:
Gold:   70         SH:  0    Dex: 16    Spells: 3 memorised, 0 levels left
                                        Lives:  0   Deaths: 0

rFire  . . .     SeeInvis +       - Unarmed
rCold  . . .     Clarity  .     (armour unavailable)
rNeg   . . .     SustAb   .     (shield unavailable)
rPois  .         Gourm    .     (helmet unavailable)
rElec  .         Spirit   .     (cloak unavailable)
rCorr  .         Warding  .     (gloves unavailable)
rMut   .         Stasis   .     (boots unavailable)
MR     .....                    (no amulet)
Stlth  +++.......               (no ring)
                                (no ring)

@: quick, not resistant to hostile enchantments, fairly stealthy
A: paw claws, no armour, no weapons or thrown items, fangs 3, see invisible,
carnivore 3, speed 1, shaggy fur 1, slow metabolism 1, sharp paws
a: no special abilities


You were on level 3 of the Dungeon.
You were not hungry.

You visited 1 branch of the dungeon, and saw 3 of its levels.

You collected 70 gold pieces.

Inventory:

Scrolls
 d - a scroll of remove curse {unknown}
 k - a scroll of teleportation
Potions
 e - a potion of agility {unknown}
 g - a potion of resistance {unknown}
 i - a potion of might
 j - a potion of magic {unknown}
Books
 b - a book of Callings

   Spells                             Type                      Level
   a - Summon Small Mammal            Summoning                    1
   b - Call Imp                       Summoning                    2
   c - Call Canine Familiar           Summoning                    3
   d - Summon Guardian Golem          Hexes/Summoning              4
   e - Summon Lightning Spire         Summoning/Air                4
   f - Summon Ice Beast               Ice/Summoning                4
Comestibles
 a - a slice of pizza
 c - a meat ration
 f - a beef jerky


   Skills:
 - Level 2.6 Dodging
 * Level 4.2 Stealth
 + Level 1.3 Unarmed Combat
 - Level 2.0 Spellcasting
 * Level 4.7 Summonings


You couldn't memorise any spells.
You knew the following spells:

 Your Spells              Type           Power        Failure   Level  Hunger
a - Summon Small Mammal   Summ           ###.         2%          1    #......
b - Call Canine Familiar  Summ           ###.....     10%         3    ###....
c - Call Imp              Summ           ###.....     4%          2    ###....


Dungeon Overview and Level Annotations

Branches:
Dungeon (3/15)

Altars:
Makhleb
Okawaru
Qazlal
Trog
Vehumet


Innate Abilities, Weirdness & Mutations

You cannot wear armour.
You are incapable of wielding weapons or throwing items.
You have razor-sharp teeth.
You have supernaturally acute eyesight.
You are carnivorous and can eat meat at any time.
You cover ground quickly.
You are covered in fur (AC +1).
You have a slow metabolism.
Your paws have sharp claws that are effective at stabbing.


Message History

Confirm with . or Enter, or press ? or * to list all spells.
Your hound bites the orc.
The orc barely misses your hound. The orc hits you with a hand axe.
The orc barely misses your rat.
Your hound closely misses the orc.
Something hits your hound.
Your hound bites the orc.
The orc is no longer bleeding.
Your hound bites the orc but does no damage.
The orc misses your rat. The orc hits your rat with a falchion.
Your rat dies!
Your rat's corpse disappears in a puff of smoke!
Something misses your hound.
Your hound barely misses the orc.
Your hound bites the orc.
The orc hits your hound with a falchion.
Something closely misses your hound.
A worm comes into view.
There is a stone staircase leading up here.
The orc hits you with a hand axe!
Ouch! That really hurt!
You die...

#.# ####### ###.# . #.....# ..#.#
#. ##.....# ....# .. ##......# ##
....# # #w ####)......###.
....######.#.# #......######..
)....#.......######......# #..
.......#..###............# #..
...........##...@........# ####..
.......#.#..#..o.......#####....#
................†.).##.# #..####
......#.#####o......##.# ##.## #
......#.###.h......##..###..#####
........(.o.#..>...............#.
......ho#####.......##...........
.....)o## #......###..........#
.......## ####..## #..........#


You could see 3 orcs and a friendly hound.

Vanquished Creatures
  An adder (D:3)
  A giant gecko (D:3)
  An orc (D:3)
  3 bats
  A giant cockroach (D:1)
  5 hobgoblins
  3 jackals (D:2)
  A quokka (D:3)
  A ball python (D:3)
  4 giant newts
  2 goblins
  6 kobolds
  2 rats (D:1)
31 creatures vanquished.

Vanquished Creatures (collateral kills)
  An adder (D:3)
  3 worms (D:2)
  A giant gecko (D:3)
  An orc (D:3)
  A ball python (D:3)
  2 bats
  A hobgoblin (D:1)
  A jackal (D:2)
  2 kobolds
  A goblin (D:3)
14 creatures vanquished.

Vanquished Creatures (others)
  A crimson imp (D:3)
  2 hounds
  5 quokkas
  2 rats
10 creatures vanquished.

Grand Total: 55 creatures vanquished

Notes
Turn   | Place    | Note
--------------------------------------------------------------
     0 | D:1      | MrRokkomies, the Felid Summoner, began the quest for the Orb.
     0 | D:1      | Reached XP level 1. HP: 7/7 MP: 4/4
   402 | D:1      | Reached XP level 2. HP: 9/11 MP: 2/5
   496 | D:1      | Found a stormy altar of Qazlal.
   883 | D:2      | Reached skill level 1 in Unarmed Combat
  1081 | D:2      | Reached XP level 3. HP: 11/14 MP: 8/8
  1086 | D:2      | Learned a level 3 spell: Call Canine Familiar
  1089 | D:2      | Learned a level 2 spell: Call Imp
  1418 | D:2      | You fall through a shaft!
  1538 | D:2      | Found a bloodstained altar of Trog.
  1667 | D:3      | Found a burning altar of Makhleb.
  1667 | D:3      | Found an iron altar of Okawaru.
  1695 | D:3      | Found a radiant altar of Vehumet.
  2023 | D:3      | Slain by an orc

Action                   || total
-------------------------++-------
Melee: Unarmed           ||   101
 Cast: Summon Small Mamm ||    13
       Call Canine Famil ||     8
       Call Imp          ||     5
  Use: Scroll            ||     4
       Potion            ||     3
 Stab: Sleeping          ||    10
  Eat: Chunk             ||     2
